 Dungeon Crawl Stone Soup version 0.31.0 (webtiles) character file.

Game seed: 2155875663206601665

12827 sasquatch the Fencer (level 11, -11/81 HPs)
             Began as a Demonspawn Gladiator on Jan 20, 2024.
             Was a High Priest of Okawaru.
             Mangled by a large abomination (34 damage)
             ... on level 2 of the Abyss.
             The game lasted 00:33:43 (11169 turns).

sasquatch the Fencer (Demonspawn Gladiator)        Turns: 11169, Time: 00:33:43

Health: -11/81     AC: 12    Str: 21    XL:     11   Next: 67%
Magic:  9/11       EV: 16    Int: 13    God:    Okawaru [*****.]
Gold:   130        SH:  0    Dex: 16    Spells: 7/10 levels left

rFire   . . .        u - +6 long sword (vamp)
rCold   . . .        (no shield)
rNeg    . . .        E - +3 ring mail {Will+}
rPois   +            c - +0 helmet
rElec   .            D - +1 cloak {rPois}
rCorr   .            (gloves unavailable)
SInv    .            (no boots)
Will    +....        w - amulet of regeneration
Stlth   ++           q - +6 ring of strength
HPRegen 1.13/turn    (no ring)
MPRegen 0.24/turn

%: no passive effects
@: heroic
A: powered by death 2, magic regeneration, big brain 1, demonic touch 3
a: Renounce Religion, Heroism, Finesse, Duel


You were on level 2 of the Abyss.
You worshipped Okawaru.
Okawaru was extremely pleased with you.
You visited 3 branches of the dungeon, and saw 12 of its levels.
You visited the Abyss 1 time.
You also visited: Bailey.

You collected 885 gold pieces.
You spent 755 gold pieces at shops.

Inventory:

Hand Weapons
 n - the +5 whip of Patterns {antimagic, rPois Dex-4 SInv}
   (You took it off a centaur on level 7 of the Dungeon)

   Dex-4:     It affects your dexterity (-4).
   rPois:     It protects you from poison SInv: It lets you see invisible.
 u - a +6 vampiric long sword (weapon)
 z - a +1 scimitar of draining
 G - a +1 scimitar
 I - a +3 scimitar
Missiles
 d - 4 throwing nets
 e - a javelin
 g - 25 poisoned darts (quivered)
 F - 2 datura-tipped darts
 P - a silver javelin
Armour
 c - a +0 helmet (worn)
 k - a +3 ring mail of cold resistance
 A - a +1 pair of gloves of infusion
 D - a +1 cloak of poison resistance (worn)
 E - a +3 ring mail of willpower (worn)
Jewellery
 p - an amulet of the acrobat
 q - a +6 ring of strength (left hand)
 w - an amulet of regeneration (around neck)
 B - a ring of ice
 R - a ring of ice
Talismans
 y - a blade talisman
Wands
 a - a wand of digging (10)
 b - a wand of roots (11)
 v - a wand of quicksilver (6)
 C - a wand of flame (11)
Scrolls
 o - 5 scrolls of teleportation
 r - a scroll of silence
 t - a scroll of fog
 H - 2 scrolls of revelation {unknown}
 K - a scroll of enchant armour
 L - a scroll of fear
 N - 3 scrolls of blinking
Potions
 f - 3 potions of might
 h - 2 potions of brilliance {unknown}
 i - 2 potions of degeneration {unknown}
 j - a potion of haste {unknown}
 l - 3 potions of curing
 m - 3 potions of cancellation
 s - a potion of resistance {unknown}
 x - a potion of berserk rage {unknown}
 J - a potion of mutation {unknown}
 M - a potion of lignification {unknown}
 Q - 2 potions of attraction
Miscellaneous
 O - a phantom mirror


   Skills:
 + Level 6.1(11.1) Fighting
 - Level 16.0(21.0) Long Blades
 - Level 2.0(7.0) Throwing
 + Level 4.6(9.6) Dodging


You had 7 spell levels left.
You knew the following spells:

 Your Spells              Type           Power      Damage    Failure   Level
a - Stone Arrow           Conj/Erth      0%         3d7       82%         3

Your spell library contained the following spells:

 Spells                   Type           Power      Damage    Failure   Level
 Cigotuvi's Dreadful Rot  Necr/Alch/Air  0%         N/A       58%         2
 Leda's Liquefaction      Alch/Erth      0%         N/A       99%         4
 Vhi's Electric Charge    Tloc/Air       0%         N/A       99%         4
 Arcjolt                  Conj/Air       0%         1d10      100%        5
 Bombard                  Conj/Erth      0%         9d1       100%        6
 Plasma Beam              Fire/Air       0%         2x1d10    100%        6


Dungeon Overview and Level Annotations

Branches:
Dungeon (10/15)            Temple (1/1) D:4            Lair (1/5) D:10
    Orc (0/2) D:10         Bailey (visited)

Altars:
Ashenzari
Cheibriados
Dithmenos
Fedhas
Gozag
Hepliaklqana
Kikubaaqudgha
Makhleb
Nemelex Xobeh
Okawaru
Qazlal
Ru
Sif Muna
Trog
Uskayaw
Vehumet
Wu Jian
Xom
Yredelemnul

Shops:
D:3 ?*   D:4 (   D:6 [   D:9 :   D:10 *

Annotations:
D:6 exclusion: 2 electric eels
D:8 exclusions: 4 electric eels and 6 more exclusions
D:10 Sonja
Lair:1 Fannar


Innate Abilities, Weirdness & Mutations

You regenerate health from kills.
You regenerate magic rapidly.
You have an unusually large brain. (Int +2)
Your touch may irresistibly damage your foes and sap their willpower.


Message History

The worldbinder hits you but does no damage.
The worldbinder completely misses you.
You hit the worldbinder but do no damage.
The worldbinder is moderately damaged.
The worldbinder barely misses you.
The worldbinder hits you but does no damage.
You hit the worldbinder but do no damage.
The worldbinder is moderately damaged.
The worldbinder barely misses you. The worldbinder closely misses you.
You hit the worldbinder but do no damage.
The worldbinder is moderately damaged.
The worldbinder barely misses you.
The worldbinder hits you but does no damage.
You hit the worldbinder.
You touch the worldbinder!
You sap its willpower!
You punch the worldbinder, but do no damage.
The worldbinder is severely damaged.
The worldbinder hits you but does no damage. x2
You hit the worldbinder.
The worldbinder is almost destroyed.
The worldbinder calls forth creatures from the Snake Pit!
You slash the worldbinder!
You destroy the worldbinder!
Okawaru is honoured by your kill.
The black mamba disappears in a puff of smoke!
The mana viper disappears in a puff of smoke!
Your Fighting skill increases to level 6!
Okay, then.
Unknown command.
You gain the combat prowess of a mighty hero.
The large abomination hits you!!
* * * LOW HITPOINT WARNING * * *
You hit the large abomination but do no damage.
You touch the large abomination!
You sap its willpower!
The large abomination is lightly damaged.
The large abomination barely misses you.
You hit the large abomination but do no damage.
The large abomination is lightly damaged.
Tentacles burst from the starspawn's body!
The large abomination hits you!!
You die...

#.... #. # .# .~.
..... .. . .....##.#
#. .## # #..~~≈..#
###X.# #. ~.~~≈~.#
#.│w.# .# #.#..~#
##│... #.####...≈.#
...# .
#......#§~~#####w...#.
#.# #@## ~≈X#.X....#..
#...#X#. ~*#..*#.#.#
#...X*.♣≈≈~ #. . #..
#.#ww#..≈N~ . #. # #
##...###N~#~~.# .###
##### # #.~≈## # # . .
## . ... ~.# . .. ~~#


You could see a tentacled starspawn, a large abomination (weak-willed), 2
starspawn tentacles and a lurking horror.

Vanquished Creatures
  A skeletal warrior (D:8)
  3 orc knights
  Maurice (D:7)
  A worldbinder (Abyss:2)
  Jeremiah (D:7)
  Psyche (D:10)
  3 trolls
  A shadow (D:9)
  A wyvern (D:10)
  A wraith (D:9)
  11 yaks
  A warg (D:10)
  4 steam dragons
  Menkaure (D:5)
  A neqoxec (Abyss:2)
  2 water moccasins
  13 orc warriors
  3 ice beasts
  5 centaurs
  2 phantoms
  4 kobold brigands
  2 bullfrogs (D:8)
  A gnoll sergeant (D:8)
  3 scorpions
  10 wights (D:9)
  7 killer bees (D:8)
  4 howler monkeys
  6 hounds
  2 jellies
  3 bombardier beetles (D:5)
  5 gnoll boudas
  7 orc priests
  2 iguanas (D:4)
  3 sleepcaps
  12 orc wizards
  5 adders
  32 gnolls
  A shadow imp (D:5)
  2 white imps
  3 dart slugs
  2 ribbon worms
  88 orcs
  8 endoplasms
  2 giant cockroaches
  8 goblins
  11 hobgoblins
  22 jackals
  8 quokkas
  5 ball pythons
  2 frilled lizards
  57 kobolds
  7 rats
391 creatures vanquished.

Vanquished Creatures (others)
  A rakshasa (D:8)
  A shadow imp (D:8)
  2 starspawn tentacles (Abyss:2)
4 creatures vanquished.

Grand Total: 395 creatures vanquished

Notes
Turn   | Place    | Note
-------+----------+-------------------------------------------
     0 | D:1      | sasquatch the Demonspawn Gladiator began the quest for the
                  | Orb.
     0 | D:1      | Reached XP level 1. HP: 16/16 MP: 1/1
    28 | D:1      | Gained mutation: Your touch may inflict minor irresistible
                  | damage on your foes. [demonic ancestry]
    28 | D:1      | Reached XP level 2. HP: 4/22 MP: 2/2
   192 | D:1      | Reached skill level 3 in Long Blades
   378 | D:1      | Reached XP level 3. HP: 27/27 MP: 3/3
  1013 | D:2      | Reached skill level 4 in Long Blades
  1108 | D:2      | Reached XP level 4. HP: 28/33 MP: 4/4
  1669 | D:3      | Found a faded altar of an unknown god.
  1822 | D:3      | Found Wureduofyu's Magic Scroll Emporium.
  1847 | D:3      | Bought a scroll of silence for 104 gold pieces
  1847 | D:3      | Bought a scroll of identify for 22 gold pieces
  2056 | D:3      | Reached skill level 5 in Long Blades
  2056 | D:3      | Gained mutation: You have an unusually large brain. (Int
                  | +2) [demonic ancestry]
  2056 | D:3      | Reached XP level 5. HP: 16/38 MP: 5/5
  2312 | D:3      | Found Sosaap's General Store.
  2628 | D:4      | Gained mutation: You regenerate magic rapidly. [demonic
                  | ancestry]
  2628 | D:4      | Reached XP level 6. HP: 44/44 MP: 6/6
  2697 | D:4      | Reached skill level 6 in Long Blades
  2765 | D:4      | Found a snail-covered altar of Cheibriados.
  2765 | D:4      | Found a shimmering altar of Xom.
  3115 | D:4      | Found a staircase to the Ecumenical Temple.
  3178 | D:4      | Found Muelula's Weapon Boutique.
  3222 | Temple   | Entered the Ecumenical Temple
  3245 | Temple   | Became a worshipper of Warmaster Okawaru
  3344 | D:4      | HP: 1/44 [gnoll/+0 halberd[a gnoll bouda] (8)]
  3542 | D:5      | Entered Level 5 of the Dungeon
  3542 | D:5      | Noticed a water moccasin
  3587 | D:5      | Got Genory's Precepts of Gaseous Minerals
  3588 | D:5      | Noticed Menkaure
  3669 | D:4      | Reached skill level 7 in Long Blades
  3721 | D:5      | Gained mutation: You regenerate a little health from kills.
                  | [demonic ancestry]
  3721 | D:5      | Reached XP level 7. HP: 50/50 MP: 7/7
  3735 | D:5      | Killed Menkaure
  3735 | D:5      | Reached * piety under Okawaru
  3764 | D:5      | Reached skill level 8 in Long Blades
  3852 | D:5      | You fall into a shaft and drop 1 floor!
  3885 | D:6      | Noticed a steam dragon
  3908 | D:6      | Killed a steam dragon
  4033 | D:6      | Reached ** piety under Okawaru
  4077 | D:6      | Found a blossoming altar of Fedhas.
  4139 | D:6      | Gained mutation: Your touch may inflict irresistible damage
                  | on your foes. [demonic ancestry]
  4139 | D:6      | Reached XP level 8. HP: 56/56 MP: 8/8
  4184 | D:6      | Reached skill level 9 in Long Blades
  4193 | D:6      | Found Pono Larobio's Antique Armour Emporium.
  4965 | D:5      | Reached skill level 10 in Long Blades
  5266 | D:5      | Reached *** piety under Okawaru
  5866 | D:6      | Reached skill level 11 in Long Blades
  5866 | D:6      | Gained mutation: You regenerate health from kills. [demonic
                  | ancestry]
  5866 | D:6      | Reached XP level 9. HP: 56/61 MP: 9/9
  5876 | D:6      | Learned a level 3 spell: Stone Arrow
  6477 | D:7      | Noticed Maurice
  6618 | D:7      | Found a flagged portal.
  6625 | Bailey   | Entered a bailey
  6788 | Bailey   | Noticed an orc knight
  6811 | Bailey   | Reached **** piety under Okawaru
  6893 | Bailey   | Killed an orc knight
  6894 | Bailey   | Reached skill level 12 in Long Blades
  7043 | D:7      | Noticed Jeremiah
  7362 | D:7      | Identified the +5 whip of Patterns {antimagic, rPois Dex-4
                  | SInv}
  7364 | D:7      | Found a burning altar of Makhleb.
  7389 | D:7      | Reached skill level 13 in Long Blades
  7627 | D:7      | Killed Jeremiah
  7725 | D:7      | Something stole a blade talisman
  7728 | D:7      | Something stole the +5 whip of Patterns {antimagic, rPois
                  | Dex-4 SInv}
  7730 | D:7      | Something stole an amulet of the acrobat
  7730 | D:7      | HP: 3/60 [something (3)]
  7748 | D:7      | Maurice stole 79 gold
  7749 | D:7      | Killed Maurice
  7750 | D:7      | Reached XP level 10. HP: 38/67 MP: 0/10
  8196 | D:3      | Bought a +1 cloak of poison resistance for 162 gold pieces
  8196 | D:3      | Bought a +3 ring mail of willpower for 312 gold pieces
  8450 | D:8      | Reached ***** piety under Okawaru
  8589 | D:8      | Noticed a skeletal warrior
  8594 | D:8      | Killed a skeletal warrior
  8595 | D:8      | Reached skill level 14 in Long Blades
  8690 | D:8      | Noticed a rakshasa
  8708 | D:8      | Killed a rakshasa
  9122 | D:8      | Reached skill level 15 in Long Blades
  9204 | D:8      | Received a gift from Okawaru
  9398 | D:9      | Gained mutation: Your touch may irresistibly damage your
                  | foes and sap their willpower. [demonic ancestry]
  9398 | D:9      | Reached XP level 11. HP: 70/71 MP: 5/11
  9503 | D:9      | Found Ceatt's Self-Published Books.
 10114 | D:9      | Noticed an orc knight
 10161 | D:9      | Noticed an orc knight
 10183 | D:9      | Killed an orc knight
 10188 | D:9      | Reached skill level 16 in Long Blades
 10206 | D:9      | Killed an orc knight
 10327 | D:10     | Entered Level 10 of the Dungeon
 10420 | D:10     | Noticed Psyche
 10431 | D:10     | Killed Psyche
 10452 | D:10     | Found Siowesus's Assorted Antiques.
 10513 | D:10     | Bought a scroll of teleportation for 93 gold pieces
 10513 | D:10     | Bought a scroll of identify for 62 gold pieces
 10543 | D:10     | Found an ornate altar of the Wu Jian Council.
 10546 | D:10     | Found a sparkling altar of Nemelex Xobeh.
 10689 | D:10     | Found a staircase to the Orcish Mines.
 10708 | D:10     | Reached skill level 5 in Fighting
 10746 | D:10     | Found a staircase to the Lair.
 10753 | D:10     | Received a gift from Okawaru
 11085 | Lair:1   | Entered Level 1 of the Lair of Beasts
 11085 | Lair:1   | Noticed Fannar
 11085 | Lair:1   | Noticed Sonja
 11093 | Abyss:2  | Cast into level 2 of the Abyss (Sonja)
 11117 | Abyss:2  | Noticed a wretched star
 11122 | Abyss:2  | Noticed a tentacled starspawn
 11144 | Abyss:2  | Noticed a large abomination
 11150 | Abyss:2  | Noticed a naga warrior
 11151 | Abyss:2  | Noticed a naga warrior
 11152 | Abyss:2  | Noticed a naga warrior
 11166 | Abyss:2  | Noticed a mana viper
 11169 | Abyss:2  | Mangled by a large abomination

Illustrated notes

Levels and vault maps discovered:
D:1:      lightli_molten_gateway, layout_rooms, grunt_decor_mini_mirrors
D:2:      layout_basic, basic_altar, serial_park_tiny_1,
          chequers_serial_rivers_large_a
D:3:      layout_rooms, elyvilon_altar_4, ebering_ecumenical_altar_petrified,
          serial_shops, shop, shop, hellmonk_no_cap
D:4:      layout_basic, nicolae_overflow_two_pavilions,
          minmay_temple_entry_nine_rooms, serial_shops, kennysheep_mini_moat
D:5:      lemuel_castle_with_subvaults [lemuel_castle_interior_carwin_2],
          layout_cave_pools, uniq_menkaure
D:6:      minmay_goblin_kobold_castle, layout_loops_ring,
          fedhas_bush_and_centaur_altar, serial_shops, nicolae_take_the_stairs
D:7:      layout_loops_ring, mainiacjoe_overflow_24_doors, enter_bailey_2,
          uniq_jeremiah, uniq_maurice
D:8:      layout_cave_pools, serial_park, serial_park_square3
          [serial_park_minivault_5x5_3], serial_park_square1
          [serial_park_minivault_5x5_2], serial_park_fountain,
          serial_park_tiny_2, dreamdust_wishing_well, hangedman_minor_gate_pass
D:9:      layout_long_grid, nicolae_custom_books, lightli_church_of_beogh
D:10:     layout_cave_pools, nicolae_overflow_hidden_temple, lair_entry_dummy,
          david_orc_1_choice, serial_shops, shop_fountains,
          minmay_misc_feat_roman, uniq_psyche
Temple:   bh_familiar_temple
Lair:1:   lemuel_ratsnest, layout_long_grid, chequers_serial_rivers_small_b,
          uniq_fannar, uniq_sonja
Abyss:2:  base:
D:2

Skill      XL: |  1  2  3  4  5  6  7  8  9 10 11 |
---------------+----------------------------------+-----
Throwing       | 2 |  2.0
Long Blades    | 3 4 5 7 8 11 13 15 16 | 16.0
Fighting       | 6 |  6.1
Dodging        | 4 |  4.6

Action                     |  1- 3 |  4- 6 |  7- 9 | 10-12 || total
---------------------------+-------+-------+-------+-------++-------
  Melee: Long sword        |    84 |   164 |   139 |   402 ||   789
         Touch             |    11 |    35 |    69 |    70 ||   185
         Punch             |       |     2 |     6 |     7 ||    15
         Scimitar          |       |       |   284 |       ||   284
  Throw: Dart              |       |       |    26 |     7 ||    33
 Invoke: Heroism           |       |       |     1 |     6 ||     7
         Finesse           |       |       |       |     1 ||     1
  Evoke: Wand              |       |       |     5 |     2 ||     7
    Use: Scroll            |       |     2 |     7 |     3 ||    12
         Potion            |       |       |     4 |     3 ||     7
   Stab: Distracted        |     1 |       |       |       ||     1
         Sleeping          |     1 |       |       |       ||     1
 Armour: Leather armour    |    36 |       |       |       ||    36
         Ring mail         |     9 |   110 |   342 |   325 ||   786
  Dodge: Dodged            |    48 |    83 |   235 |   216 ||   582
